 Dungeon Crawl Stone Soup version 0.27-a0-54-g64bdb92e38 (webtiles) character file.

Game seed: 2892375469799575711

915522 Kinoniko the Slayer (level 27, -10/481 HPs)
             Began as a Demonspawn Berserker on Jan 7, 2021.
             Was the Champion of Makhleb.
             Mangled by Hetrues the pandemonium lord (21 damage)
             ... on level 22 of a ziggurat on Jan 8, 2021.
             The game lasted 03:42:44 (73312 turns).

Kinoniko the Slayer (Demonspawn Berserker)         Turns: 73312, Time: 03:42:44

Health: -10/481    AC: 23    Str: 40    XL:     27
Magic:  48/48      EV: 23    Int: 13    God:    Makhleb [******]
Gold:   918        SH: 20    Dex: 21    Spells: 35/51 levels left

rFire    + . .     SeeInvis .   u - +7 broad axe of War {flame, Dex+2}
rCold    + + +     Faith    .   x - +2 shield of Resistance {rF++ rC++ Will++}
rNeg     + + +     Spirit   .   m - +8 chain mail of Wetab {rN++ Dex+4}
rPois    +         Reflect  .   b - +1 hat of Elyvilon's Displeasure {rF- rCorr Str+9 Int+3}
rElec    +         Harm     .   F - scarf {rC+ rF+}
rCorr    +         Rampage  .   T - +2 pair of gloves {Str+3}
Will     +++++                  (boots unavailable)
Stlth    ..........             j - amulet "Fauxy" {Acrobat Str+2}
HPRegen  10.90/turn             G - ring "Rukhocw" {rN+ Stlth+}
MPRegen  0.31/turn              D - ring "Gaunud" {rElec Will+++ MP+9 Int-3}

@: mighty, berserking (expiring), fire vulnerable, no potions, corroded, hasted,
studying Polearms, very quick
A: beak, claws 2, hooves 3, slimy green scales 3, agile 1, deterioration 1, foul
stench 2, strong-willed 1, poison resistance, powered by death 3, robust 3, wild
magic 1, miasma immunity
}: 5/15 runes: serpentine, barnacled, slimy, silver, abyssal
a: Renounce Religion, Minor Destruction, Lesser Servant of Makhleb, Major
Destruction, Greater Servant of Makhleb


You were on level 22 of a ziggurat.
You worshipped Makhleb.
Makhleb was exalted by your worship.
You visited 11 branches of the dungeon, and saw 53 of its levels.
You visited the Abyss 2 times.
You visited 1 bazaar.
You visited 1 ziggurat, and saw 22 of its levels.
You also visited: Gauntlet.

You collected 11066 gold pieces.
You spent 10148 gold pieces at shops.

Inventory:

Hand Weapons
 u - the +7 broad axe of War (weapon) {flame, Dex+2}
   (You found it on level 3 of the Depths)

   It has been specially enchanted to burn those struck by it, causing extra
   injury to most foes and up to half again as much damage against particularly
   susceptible opponents.
   Big, fiery blades are also staple armaments of hydra-hunters.
   It affects your dexterity (+2).
 L - the +12 Vampire's Tooth {vamp}
   (You found it on level 21 of a ziggurat)

   It inflicts no extra harm, but heals its wielder when it wounds a living foe.
 Y - the +4 broad axe of Avifeun {freeze, rF+, unknown}
   (You found it on level 21 of a ziggurat)

   It has been specially enchanted to freeze those struck by it, causing extra
   injury to most foes and up to half again as much damage against particularly
   susceptible opponents.
   It can also slow down cold-blooded creatures.
   It protects you from fire.
Missiles
 K - 59 silver javelins
Armour
 b - the +1 hat of Elyvilon's Displeasure (worn) {rF- rCorr Str+9 Int+3}
   (You found it on level 5 of the Lair of Beasts)

   It affects your strength (+9).
   It affects your intelligence (+3).
   It makes you vulnerable to fire.
   It provides partial protection from all sources of acid and corrosion.
 m - the +8 chain mail of Wetab (worn) {rN++ Dex+4}
   (You bought it in a shop on level 12 of the Dungeon)

   It affects your dexterity (+4).
   It greatly protects you from negative energy.
 x - the +2 shield of Resistance (worn) {rF++ rC++ Will++}
   (You bought it in a shop on level 12 of the Dungeon)

   It greatly protects you from fire.
   It greatly protects you from cold.
   It affects your willpower, your defense against some magical effects.
 F - a scarf of resistance (worn)
 T - a +2 pair of gloves of strength (worn)
 X - the +3 scale mail of Bitterness {rElec, unknown}
   (You found it on level 20 of a ziggurat)

   It insulates you from electricity.
Jewellery
 j - the amulet "Fauxy" (around neck) {Acrobat Str+2}
   (You found it on level 8 of a ziggurat)

   [amulet of the acrobat]

   It helps you evade while moving and waiting.
   It affects your strength (+2).
 z - the ring of the Mage {Wiz Will++ Int+3}
   (You found it on level 20 of a ziggurat)

   [ring of wizardry]

   It improves your spell success rate.
   It affects your intelligence (+3).
   It affects your willpower, your defense against some magical effects.
 D - the ring "Gaunud" (right hand) {rElec Will+++ MP+9 Int-3}
   (You took it off a merfolk on level 4 of the Shoals)

   [ring of magical power]

   It affects your intelligence (-3).
   It insulates you from electricity.
   It affects your willpower, your defense against some magical effects.
   It affects your magic capacity (+9).
 G - the ring "Rukhocw" (left hand) {rN+ Stlth+}
   (You found it on level 5 of the Abyss)

   [ring of stealth]

   It protects you from negative energy.
   It makes you more stealthy.
 J - the amulet "Hahemud" {Acrobat Fragile rC+ Str+2}
   (You found it on level 20 of a ziggurat)

   [amulet of the acrobat]

   It helps you evade while moving and waiting.
   It affects your strength (+2).
   It protects you from cold.
   It will be destroyed if unequipped.
 N - the ring of Fogosh {+Blink rElec MP+9}
   (You found it on level 13 of a ziggurat)

   [ring of magical power]

   It insulates you from electricity.
   It affects your magic capacity (+9).
   It lets you blink.
 U - the ring "Qeutogoy" {rPois rF+ Str+5}
   (You bought it in a shop on level 2 of the Orcish Mines)

   [ring of protection from fire]

   It affects your strength (+5).
   It protects you from fire.
   It protects you from poison.
Wands
 k - a wand of disintegration (35)
 p - a wand of enslavement (50)
 w - a wand of acid (16)
 R - a wand of iceblast (63)
 Z - a wand of paralysis (77)
Scrolls
 a - 5 scrolls of fear
 f - a scroll of brand weapon
 h - 41 scrolls of remove curse
 n - 4 scrolls of fog
 s - 4 scrolls of enchant armour
 y - 8 scrolls of blinking
 B - 3 scrolls of silence
 M - 32 scrolls of teleportation
 S - 5 scrolls of magic mapping
 V - 5 scrolls of enchant weapon
Potions
 d - 24 potions of curing
 e - 13 potions of mutation
 g - 5 potions of haste
 l - 7 potions of lignification
 o - 3 potions of cancellation
 r - a potion of magic
 t - 4 potions of ambrosia
 C - 3 potions of heal wounds
 E - a potion of invisibility
 I - 3 potions of resistance
Books
 v - a manual of Polearms
Miscellaneous
 i - a lightning rod (4/4)
 q - a phantom mirror
 O - a condenser vane
 P - a box of beasts
 Q - a phial of floods
 W - a tin of tremorstones (2/2)


   Skills:
 * Level 26.7 Fighting
 - Level 21.4(22.4) Axes
 - Level 12.5(18.3) Maces & Flails
 - Level 0.1 Throwing
 - Level 18.2 Armour
 - Level 15.4 Dodging
 - Level 17.2 Shields
 + Level 12.5 Spellcasting
 * Level 16.4 Fire Magic
 - Level 21.8 Invocations
 - Level 21.9 Evocations


You had 35 spell levels left.
You knew the following spells:

 Your Spells              Type           Power        Failure   Level
a - Ignition              Fire           30%          88%         8
b - Necromutation         Tmut/Necr      5%           100%        8

Your spell library contained the following spells:

 Spells                   Type           Power        Failure   Level
 Foxfire                  Conj/Fire      100%         1%          1
 Conjure Flame            Conj/Fire      38%          3%          3
 Inner Flame              Hex/Fire       38%          3%          3
 Ignite Poison            Fire/Tmut/Pois 29%          10%         3
 Animate Skeleton         Necr           20%          26%         1
 Apportation              Tloc           20%          26%         1
 Corona                   Hex            11%          26%         1
 Freeze                   Ice            40%          26%         1
 Magic Dart               Conj           40%          26%         1
 Pain                     Necr           40%          26%         1
 Sandblast                Erth           20%          26%         1
 Shock                    Conj/Air       40%          26%         1
 Sting                    Tmut/Pois      40%          26%         1
 Summon Small Mammal      Summ           40%          26%         1
 Fireball                 Conj/Fire      19%          26%         5
 Blink                    Tloc           N/A          36%         2
 Call Imp                 Summ           10%          36%         2
 Ensorcelled Hibernation  Hex/Ice        20%          36%         2
 Passwall                 Tmut/Erth      8%           36%         2
 Poisonous Vapours        Pois/Air       20%          36%         2
 Searing Ray              Conj           20%          36%         2
 Slow                     Hex            10%          36%         2
 Sublimation of Blood     Necr           5%           36%         2
 Swiftness                Air            10%          36%         2
 Call Canine Familiar     Summ           10%          58%         3
 Confusing Touch          Hex            10%          58%         3
 Dazzling Flash           Conj/Hex       20%          58%         3
 Frozen Ramparts          Ice            20%          58%         3
 Gell's Gravitas          Tloc           5%           58%         3
 Lesser Beckoning         Tloc           5%           58%         3
 Mephitic Cloud           Conj/Pois/Air  10%          58%         3
 Ozocubu's Armour         Ice            10%          58%         3
 Portal Projectile        Hex/Tloc       20%          58%         3
 Spider Form              Tmut/Pois      5%           58%         3
 Static Discharge         Conj/Air       10%          58%         3
 Stone Arrow              Conj/Erth      20%          58%         3
 Summon Guardian Golem    Hex/Summ       10%          58%         3
 Teleport Other           Tloc           10%          58%         3
 Tukima's Dance           Hex            10%          58%         3
 Vampiric Draining        Necr           5%           58%         3
 Bolt of Magma            Conj/Fire/Erth 14%          58%         5
 Starburst                Conj/Fire      19%          77%         6
 Airstrike                Air            5%           92%         4
 Animate Dead             Necr           5%           92%         4
 Cause Fear               Hex            5%           92%         4
 Dispel Undead            Necr           10%          92%         4
 Fulminant Prism          Conj/Hex       5%           92%         4
 Hailstorm                Conj/Ice       10%          92%         4
 Ice Form                 Ice/Tmut       10%          92%         4
 Iskenderun's Mystic Bla  Conj/Tloc      10%          92%         4
 Leda's Liquefaction      Hex/Erth       5%           92%         4
 Olgreb's Toxic Radiance  Pois           10%          92%         4
 Passage of Golubria      Tloc           N/A          92%         4
 Petrify                  Tmut/Erth      10%          92%         4
 Summon Ice Beast         Ice/Summ       10%          92%         4
 Summon Lightning Spire   Summ/Air       10%          92%         4
 Agony                    Necr           10%          99%         5
 Alistair's Intoxication  Tmut/Pois      6%           99%         5
 Borgnjor's Vile Clutch   Necr/Erth      5%           99%         5
 Irradiate                Conj/Tmut      5%           99%         5
 Lee's Rapid Deconstruct  Erth           5%           99%         5
 Lightning Bolt           Conj/Air       5%           99%         5
 Metabolic Englaciation   Hex/Ice        5%           99%         5
 Silence                  Hex/Air        5%           99%         5
 Summon Demon             Summ           5%           99%         5
 Summon Mana Viper        Hex/Summ       10%          99%         5
 Yara's Violent Unravell  Hex/Tmut       5%           99%         5
 Death Channel            Necr           5%           100%        6
 Dispersal                Tloc           5%           100%        6
 Eringya's Noxious Bog    Tmut/Pois      5%           100%        6
 Freezing Cloud           Conj/Ice/Air   5%           100%        6
 Hydra Form               Tmut           5%           100%        6
 Invisibility             Hex            10%          100%        6
 Iron Shot                Conj/Erth      5%           100%        6
 Shadow Creatures         Summ           N/A          100%        6
 Simulacrum               Ice/Necr       5%           100%        6
 Statue Form              Tmut/Erth      6%           100%        6
 Dragon Form              Tmut           5%           100%        7
 Haunt                    Necr/Summ      5%           100%        7
 Malign Gateway           Summ/Tloc      5%           100%        7
 Spellforged Servitor     Conj/Summ      5%           100%        7
 Borgnjor's Revivificati  Necr           5%           100%        8
 Chain Lightning          Conj/Air       5%           100%        8
 Discord                  Hex            5%           100%        8
 Infestation              Necr           5%           100%        8
 Lehudib's Crystal Spear  Conj/Erth      5%           100%        8
 Absolute Zero            Ice            5%           100%        9
 Death's Door             Necr           5%           100%        9
 Dragon's Call            Summ           5%           100%        9
 Fire Storm               Conj/Fire      19%          100%        9
 Shatter                  Erth           5%           100%        9
 Tornado                  Air            5%           100%        9


Dungeon Overview and Level Annotations

Branches:
Dungeon (15/15)            Temple (1/1) D:6            Lair (6/6) D:8
 Shoals (4/4) Lair:3        Snake (4/4) Lair:4        Slime (5/5) Lair:5
    Orc (2/2) D:10            Elf (3/3) Orc:2        Vaults (5/5) D:14
  Crypt (3/3) Vaults:2       Tomb (0/3) Crypt:3      Depths (5/5) D:15
    Zot (0/5) Depths:5    Gauntlet (visited)

Altars:
Ashenzari
Cheibriados
Dithmenos
Fedhas
Gozag
Hepliaklqana
Kikubaaqudgha
Makhleb
Nemelex Xobeh
Okawaru
Qazlal
Ru
Sif Muna
Trog
Uskayaw
Vehumet
Wu Jian
Xom
Yredelemnul
Zin
The Shining One
Jiyva
Lugonu

Shops:
D:11 :   D:12 [   D:14 :   Orc:2 *=([   Elf:3 =   Snake:2 :*!   Vaults:1 *
Vaults:2 }   Vaults:4 :(=   Vaults:5 [   Depths:2 [   Depths:4 }}:}(

Portals:
Hell: Depths:1 Depths:2 Depths:3 Depths:4 Depths:5
Abyss: Lair:1 Depths:4
Pandemonium: Depths:1 Depths:3
Trove: D:11 (give 7 scrolls of fog)


Innate Abilities, Weirdness & Mutations

You have hooves in place of feet.
You are completely covered in slimy green scales. (AC +4, rPois)
You frequently emit foul miasma when damaged in melee.
You regenerate a lot of health from kills.
You are extremely robust. (+30% HP)
You are immune to miasma.
You have a beak for a mouth.
You have very sharp fingernails.
You are agile. (Dex +2)
Your body sometimes deteriorates upon taking damage.
You are strong-willed. (Will+)
Your system is resistant to poisons. (rPois)
Your spells are a little harder to cast, but a little more powerful.


Message History

Puixza gestures.
Something hits you but does no damage. Something barely misses you.
You block Foschok's attack.
The Killer Klown pinches you with a +9 vampiric club!
* * * LOW HITPOINT WARNING * * *
You block something's attack. The apocalypse crab barely misses you.
You block the apocalypse crab's attack. You block something's attack.
Unknown command.
Unknown command.
You miss the Killer Klown. Your kick misses the Killer Klown.
The Killer Klown is almost dead.
You barely miss the apocalypse crab. You slice something!! You burn something.
You slash Foschok! You burn Foschok. You hit Pirghyrisk. You slash something!
You slice something!! You burn something.
Reactivating autopickup.
You hit something.
The Killer Klown looks more healthy.
The rime drake changes into a manticore!
The ice beast changes into a warg!
You block Pirghyrisk's attack. Something hits you!!
You die...

... ...... .......
........▓
.p...........▓▓▓▓▓▓▓▓▓▓▓▓
........................▓
...........§....{p......▓
.....†....D.H2†&@t......▓
...............&&{......▓
..J†........C)2&p.......▓
..4......4.....†........▓
..........4....).......∩▓
.p....†C..h&..).........▓
.........§2§§...........▓
.tC....S.).......─w.....▓
&..2..°.§.).....Λ.......▓


You could see Foschok, Imirghog (waterlogged), Pirghyrisk, Puixza, Urchak, 2
Killer Klowns, an eldritch tentacle, a golden dragon, a stone giant, a green
death, a shadow demon (summoned), an apocalypse crab, a manticore shaped
shifter, a hellion (summoned), 2 chaos spawn and a warg shaped shifter.

Vanquished Creatures
  the Royal Jelly (Slime:5)
  Khufu (Crypt:3)
  8 juggernauts
  8 ancient liches
  7 royal mummies
  The ghost of Asajosug the Merry Gargoyle, a legendary GrBe of the Shining One (Crypt:1)
  Sojobo (Crypt:3)
  7 Killer Klowns (Zig:22)
  Saint Roka (Crypt:3)
  Jory (Vaults:2)
  A golden dragon (Depths:5)
  The ghost of Essalna the Sorcerer, an adept DEAE of Vehumet (Vaults:3)
  A profane servitor (Abyss:1)
  9 bone dragons
  7 iron giants
  12 tentacled monstrosities
  Jorgrun (Orc:1)
  19 liches
  6 hellephants
  4 deep elf blademasters (Elf:3)
  3 Hell Sentinels
  A shard shrike skeleton (Crypt:2)
  6 titans
  A deep elf master archer (Elf:3)
  Asterion (Vaults:1)
  A quicksilver dragon (Vaults:5)
  20 acid blobs
  Frances (Elf:1)
  4 Executioners
  An eldritch tentacle (Abyss:1)
  Kirke (Snake:2)
  Agnes (Elf:1)
  A sphinx (shapeshifter) (Depths:3)
  8 tengu reavers
  25 tentacled starspawn
  3 pandemonium lords
  2 storm dragons
  9 ancient champions
  A storm dragon (shapeshifter) (Zig:22)
  4 shadow dragons
  5 sphinxes
  A draconian monk (Depths:5)
  13 azure jellies
  Donald (Snake:4)
  An azure jelly (shapeshifter) (Zig:22)
  A fenstrider witch (Zig:15)
  9 revenants
  A shadow dragon (shapeshifter) (Depths:3)
  18 nagarajas
  A fire giant (shapeshifter) (Zig:22)
  The ghost of rayg00n the Thaumaturge, an adept DEIE of Sif Muna (Shoals:4)
  3 daevas
  10 fire giants
  5 iron dragons
  9 orc warlords
  7 ghost moths
  4 draconian knights
  Aizul (Snake:2)
  Louise (Snake:2)
  An iron dragon (shapeshifter) (Depths:3)
  8 frost giants
  2 draconian shifters
  15 deep elf sorcerers
  3 emperor scorpions (Zig:21)
  A caustic shrike zombie (Zig:18)
  A balrug (Abyss:4)
  4 juggernaut zombies
  4 draconian annihilators
  3 curse skulls
  7 cacodemons
  A draconian stormcaller (Abyss:1)
  8 deep elf elementalists
  16 vault wardens
  8 ghouls
  An angel (Abyss:1)
  12 ironheart preservers
  8 reapers
  42 very ugly things
  16 war gargoyles
  2 bennus (Zig:18)
  8 deep elf demonologists
  2 caustic shrike skeletons
  A juggernaut skeleton (Zig:18)
  A stone giant (shapeshifter) (Vaults:5)
  33 stone giants
  18 vampire knights
  10 deep elf annihilators
  3 black draconians (Depths:5)
  A bunyip (shapeshifter) (Depths:3)
  A dire elephant (shapeshifter) (Zig:22)
  A bunyip (Zig:15)
  4 lorocyprocas
  3 green draconians
  2 dire elephants (Zig:19)
  A white draconian (Abyss:4)
  Snorg (Orc:2)
  7 entropy weavers (Zig:21)
  A minotaur (Gauntlet)
  5 spark wasps
  2 purple draconians (Depths:5)
  15 eidola
  The ghost of mokwee the Cleaver, a journeyman MiFi of Okawaru (Lair:1)
  7 merfolk javelineers
  3 green deaths
  95 large abominations
  A red draconian (Depths:5)
  9 deep elf death magi
  4 crystal guardians
  15 ettins
  68 small abominations
  5 blizzard demons
  7 fire dragons
  3 mummy priests
  7 merfolk impalers
  3 jiangshi
  6 death oozes (Slime:5)
  A great orb of eyes (shapeshifter) (Abyss:4)
  A fire dragon (shapeshifter) (Vaults:5)
  18 yaktaur captains
  6 deep elf high priests
  14 great orbs of eyes
  11 ice dragons
  12 rakshasas
  47 vault guards
  19 hydras
  2 quicksilver dragon skeletons
  14 naga warriors
  An ice dragon (shapeshifter) (Depths:3)
  11 boulder beetles
  8 centaur warriors
  A hell beast (Depths:5)
  6 catoblepae
  8 death knights
  4 spriggan air magi
  21 anacondas
  6 merfolk aquamancers
  An anaconda (shapeshifter) (Zig:22)
  An alligator snapping turtle (shapeshifter) (Zig:22)
  2 alligator snapping turtles
  4 merfolk avatars
  A queen ant (Lair:2)
  A spectral fire giant (Crypt:1)
  4 satyrs
  A two-headed ogre (shapeshifter) (Elf:1)
  4 death yaks
  7 hell hogs
  46 dancing weapons
  A spectral stone giant (Crypt:1)
  3 deep troll earth magi
  29 two-headed ogres
  An alligator (Zig:15)
  8 death scarabs
  11 naga sharpshooters
  4 titan zombies
  4 spriggan berserkers
  11 ogre magi
  11 soul eaters
  A spectral storm dragon (Crypt:1)
  2 tengu warriors (Depths:3)
  9 vampire magi
  Urug (Lair:1)
  9 orc high priests
  2 storm dragon zombies
  13 shock serpents
  A shock serpent (shapeshifter) (Depths:3)
  An iron golem (Zig:16)
  65 thrashing horrors
  20 deep elf knights
  5 sun demons
  25 wretched stars
  11 shadow wraiths
  2 storm dragon skeletons
  A titan skeleton (Abyss:4)
  15 hell knights
  A spark wasp zombie (Zig:9)
  9 salamander mystics
  2 anaconda zombies
  7 flayed ghosts
  10 sixfirhies
  43 skeletal warriors
  13 spatial maelstroms
  2 unseen horrors (shapeshifter)
  A bunyip zombie (Crypt:2)
  An infernal demonspawn (Abyss:1)
  3 iron trolls
  6 glowing orange brains
  14 sea snakes
  A ghost moth zombie (Crypt:3)
  9 deep trolls
  A death drake (shapeshifter) (Depths:3)
  A sea snake (shapeshifter) (Depths:3)
  5 swamp dragons (Zig:15)
  A deep troll (shapeshifter) (Vaults:5)
  22 unseen horrors
  8 wizards
  5 obsidian statues
  3 golden dragon zombies
  4 shadow demons
  13 naga ritualists
  A lindwurm (shapeshifter) (Depths:2)
  16 orc knights
  3 golden dragon skeletons
  3 orange crystal statues
  12 ironbrand convokers
  49 deep elf magi
  2 bog bodies
  14 phantasmal warriors
  An iron giant skeleton (Crypt:1)
  8 deep elf archers
  A harpy (shapeshifter) (Depths:5)
  20 necromancers
  A tengu zombie (Vaults:4)
  15 harpies
  3 wolf spider zombies
  3 sphinx zombies
  3 shadow dragon zombies
  2 mana vipers (shapeshifter) (Depths:3)
  16 orc sorcerers
  3 anaconda skeletons
  A tengu skeleton (Vaults:2)
  A will-o-the-wisp (Abyss:4)
  An orb spider (shapeshifter) (Vaults:2)
  A frost giant zombie (Crypt:3)
  A shadow dragon skeleton (Crypt:1)
  39 ugly things
  4 stone giant zombies
  17 mana vipers
  A fire giant zombie (Zig:9)
  An oklob plant (Zig:19)
  14 orb spiders
  35 cyclopes
  14 fauns
  2 wolf spiders (shapeshifter)
  2 iron dragon skeletons
  12 wolf spiders
  24 manticores
  9 worldbinders
  8 elephants
  2 centaur zombies
  A faun (shapeshifter) (Zig:22)
  3 fire giant skeletons
  A moth of wrath (shapeshifter) (Depths:3)
  7 moths of wrath
  A dire elephant zombie (Crypt:3)
  20 salamanders
  24 guardian serpents
  An eye of devastation (shapeshifter) (Vaults:5)
  9 shining eyes
  3 water nymphs (shapeshifter)
  A frost giant skeleton (Crypt:1)
  10 merfolk sirens
  A titan simulacrum (Crypt:1)
  16 apocalypse crabs
  12 rust devils
  2 ice statues (Zig:2)
  2 guardian serpents (shapeshifter)
  19 vault sentinels
  4 water nymphs
  49 black mambas
  A molten gargoyle (Depths:3)
  A storm dragon simulacrum (Crypt:1)
  3 stone giant skeletons
  Maggie (Lair:2)
  9 torpor snails
  16 orange demons
  21 naga magi
  2 torpor snails (shapeshifter)
  4 gargoyles
  22 cane toads
  A cane toad (shapeshifter) (Vaults:5)
  5 eyes of devastation
  32 smoke demons
  A dire elephant skeleton (Crypt:3)
  8 spriggan zombies
  A yaktaur (shapeshifter) (Depths:4)
  2 kobold demonologists
  13 komodo dragons
  2 shock serpent skeletons
  4 hellions
  2 minotaur zombies (Gauntlet)
  5 rime drakes
  9 efreet
  12 demonic crawlers
  An anaconda simulacrum (Crypt:1)
  9 freezing wraiths
  65 yaktaurs
  A yaktaur skeleton (Vaults:2)
  11 guardian mummies (Zig:18)
  7 tormentors
  26 ancient zymes
  6 hellwings
  172 starcursed masses
  10 ice devils
  6 red devils
  5 human skeletons (Vaults:2)
  14 merfolk
  2 harpy zombies
  7 jumping spiders
  A polar bear (shapeshifter) (Vaults:5)
  4 tengu conjurers
  3 spriggan skeletons
  3 meliai (D:15)
  17 hornets
  A jumping spider (shapeshifter) (Vaults:3)
  A sea snake skeleton (Crypt:1)
  12 polar bears
  A hornet (shapeshifter) (Depths:2)
  A queen bee (shapeshifter) (Depths:4)
  2 wind drakes (shapeshifter)
  3 tyrant leeches
  11 wind drakes
  16 trolls
  A blink frog (shapeshifter) (Depths:2)
  A raiju (shapeshifter) (Abyss:4)
  14 dream sheep
  77 raiju
  A dream sheep (shapeshifter) (Zig:22)
  25 blink frogs
  67 slime creatures
  An iron dragon simulacrum (Crypt:1)
  A hydra skeleton (Crypt:2)
  13 snapping turtles
  2 fire giant simulacra
  A frost giant simulacrum (Crypt:1)
  2 fire dragon zombies
  A stone giant simulacrum (Crypt:1)
  3 spriggans
  3 ettin zombies
  54 flying skulls
  4 air elementals
  5 tarantellas
  2 ettin skeletons
  7 redbacks
  16 wraiths
  2 fire dragon skeletons
  2 yaks (shapeshifter) (Abyss:4)
  21 ynoxinuls
  17 water elementals
  14 fire bats
  94 yaks
  9 wyverns
  A shadow (Abyss:3)
  An ice dragon skeleton (Crypt:1)
  A satyr skeleton (Crypt:2)
  9 fire elementals
  3 ushabtiu (Zig:18)
  6 vampires
  7 elf zombies
  4 hogs (Snake:2)
  A hog (shapeshifter) (Depths:2)
  21 chaos spawn
  A steam dragon (D:14)
  A golden eye (shapeshifter) (Abyss:3)
  17 vampire mosquitoes
  23 neqoxecs
  6 basilisks
  6 golden eyes
  3 swamp worms (shapeshifter)
  10 wargs
  68 nagas
  5 soldier ants (Lair:2)
  A water nymph zombie (Crypt:1)
  2 acid dragons (Vaults:1)
  28 spatial vortices
  3 hell hounds
  An acid dragon (shapeshifter) (D:15)
  A floating eye (shapeshifter) (Depths:4)
  A monstrous demonspawn skeleton (Crypt:2)
  27 water moccasins
  A hydra simulacrum (Abyss:1)
  52 orc warriors
  9 eyes of draining
  3 phantoms
  2 ettin simulacra (Abyss:3)
  8 ice beasts
  4 sky beasts
  5 black bears
  An eye of draining (shapeshifter) (Vaults:3)
  A fire dragon simulacrum (Crypt:1)
  53 ogres
  An ogre (shapeshifter) (Elf:3)
  2 elf skeletons
  7 necrophages
  7 boggarts
  A manticore skeleton (Crypt:1)
  14 wolves
  8 centaurs
  3 big kobolds
  2 wyvern zombies
  10 earth elementals
  26 bullfrogs
  2 gnoll sergeants
  A komodo dragon skeleton (Crypt:1)
  7 scorpions
  A manticore simulacrum (Abyss:1)
  7 electric eels
  9 wights
  7 howler monkeys
  A crimson imp (Abyss:2)
  2 bullfrog zombies (D:12)
  A human zombie (Crypt:3)
  13 quasits
  5 bullfrog skeletons
  27 orc priests
  2 yaktaur simulacra
  A demonspawn zombie (Crypt:2)
  12 hounds
  8 jellies
  28 orc wizards
  7 centaur skeletons
  19 iron imps
  7 iguanas
  32 worker ants
  A dwarf zombie (Crypt:2)
  A felid skeleton (Crypt:2)
  An acid dragon skeleton (Crypt:1)
  A hound zombie (Crypt:1)
  2 hound skeletons
  15 mummies
  A worker ant zombie (D:8)
  19 adders
  4 gnolls
  3 shadow imps
  2 white imps
  11 ufetubi
  An ooze (D:1)
  An adder skeleton (D:9)
  3 worms
  4 dart slugs
  A dart slug (shapeshifter) (Depths:3)
  6 leopard geckos
  123 orcs
  5 spectral bats (Abyss:5)
  A ball python (D:3)
  9 giant cockroaches
  17 goblins
  7 hobgoblins
  15 jackals
  4 quokkas
  12 bats
  3 bat simulacra (Abyss:5)
  6 frilled lizards
  A frilled lizard (shapeshifter) (Depths:2)
  A jackal skeleton (D:4)
  18 kobolds
  A kobold skeleton (Crypt:1)
  A leopard gecko skeleton (D:4)
  An orc skeleton (Crypt:2)
  4 rats
  5 crawling corpses
  9 lurking horrors
  29 starspawn tentacles
4166 creatures vanquished.

Vanquished Creatures (collateral kills)
  Mennas (Vaults:2)
  A pandemonium lord (Zig:22)
  8 acid blobs (Slime:5)
  A sphinx (Vaults:5)
  A shadow dragon (Vaults:5)
  An azure jelly (Slime:5)
  2 nagarajas (Snake:4)
  2 vault wardens
  A large abomination (Vaults:5)
  A very ugly thing (Vaults:3)
  A merfolk impaler (Shoals:4)
  2 death oozes (Slime:5)
  A great orb of eyes (Slime:5)
  A boulder beetle (D:9)
  A vault guard (Vaults:5)
  A rakshasa (Vaults:3)
  An anaconda (Snake:4)
  A dancing weapon (Vaults:5)
  8 slime creatures
  A naga ritualist (Snake:4)
  An ironbrand convoker (Vaults:5)
  A wizard (Vaults:3)
  A deep elf mage (Vaults:5)
  An orc knight (Orc:2)
  An orc sorcerer (Orc:1)
  A mana viper (Snake:4)
  An ugly thing (D:9)
  A shining eye (Slime:5)
  An eye of devastation (Slime:5)
  An efreet (D:9)
  A freezing wraith (Vaults:5)
  A snapping turtle (Shoals:4)
  2 nagas (Snake:4)
  4 orc warriors
  An eye of draining (Slime:5)
  An orc priest (Orc:2)
  2 orc wizards
  A leopard gecko (D:9)
60 creatures vanquished.

Vanquished Creatures (others)
  A caustic shrike (Zig:19)
  An eldritch tentacle (Abyss:1)
  A tentacled starspawn (Abyss:5)
  2 very ugly things
  A reaper (Zig:14)
  A deep elf high priest (Vaults:5)
  A merfolk impaler (Zig:15)
  A rakshasa (Vaults:3)
  A hydra (Zig:19)
  A naga warrior (Zig:13)
  A dancing weapon (Elf:3)
  A thrashing horror (Abyss:4)
  2 wretched stars
  2 large abominations (Abyss:2)
  A deep elf archer (Vaults:3)
  A will-o-the-wisp (Abyss:5)
  A guardian serpent (Snake:4)
  A rust devil (Zig:14)
  A black mamba (Zig:11)
  A naga mage (Snake:4)
  A cane toad (Zig:19)
  A yaktaur (Vaults:4)
  An ancient zyme (Abyss:4)
  A wind drake (Depths:3)
  2 raiju (Abyss:5)
  3 blink frogs (Abyss:2)
  2 chaos spawn
  A spatial vortex (Abyss:4)
  A warg (Zig:20)
  An orc warrior (Zig:20)
  An eye of draining (Abyss:5)
  A boggart (Elf:1)
  A small abomination (Abyss:4)
  A white imp (Abyss:2)
  10 ball lightnings (Depths:3)
  4 bushes
  34 fungi
  6 lurking horrors
  204 plants
  29 starspawn tentacles
  2 withered plants (D:15)
330 creatures vanquished.

Grand Total: 4556 creatures vanquished

Notes
Turn   | Place    | Note
-------+----------+-------------------------------------------
     0 | D:1      | Kinoniko the Demonspawn Berserker began the quest for the
                  | Orb.
     0 | D:1      | Reached XP level 1. HP: 18/18 MP: 1/1
   337 | D:1      | Gained mutation: You are immune to miasma. [demonic
                  | ancestry]
   337 | D:1      | Reached XP level 2. HP: 17/24 MP: 2/2
  1058 | D:2      | Gained mutation: You regenerate a little health from kills.
                  | [demonic ancestry]
  1058 | D:2      | Reached XP level 3. HP: 28/29 MP: 3/3
  1072 | D:2      | Reached ** piety under Trog
  1241 | D:2      | Found a sacrificial altar of Ru.
  1347 | D:2      | Gained mutation: You have large cloven feet. [demonic
                  | ancestry]
  1347 | D:2      | Reached XP level 4. HP: 36/37 MP: 4/4
  2143 | D:3      | Reached skill level 4 in Fighting
  2149 | D:3      | Reached XP level 5. HP: 42/42 MP: 5/5
  2327 | D:3      | Reached *** piety under Trog
  2453 | D:3      | Found a hide-covered altar of Uskayaw.
  2687 | D:3      | Found a blossoming altar of Fedhas.
  2718 | D:3      | Reached skill level 5 in Axes
  3039 | D:4      | Gained mutation: You are partially covered in slimy green
                  | scales. (AC +2) [demonic ancestry]
  3039 | D:4      | Reached XP level 6. HP: 49/49 MP: 6/6
  3152 | D:4      | Reached **** piety under Trog
  3380 | D:4      | Found an ornate altar of the Wu Jian Council.
  3481 | D:4      | Found a sacrificial altar of Ru.
  3648 | D:5      | Entered Level 5 of the Dungeon
  3715 | D:5      | Reached skill level 5 in Fighting
  3832 | D:5      | Gained mutation: You may emit foul miasma when damaged in
                  | melee. [demonic ancestry]
  3832 | D:5      | Reached XP level 7. HP: 56/56 MP: 7/7
  4332 | D:5      | Found a glowing silver altar of Zin.
  4431 | D:5      | Killed an unseen horror
  4432 | D:5      | Gained mutation: You are mostly covered in slimy green
                  | scales. (AC +3) [demonic ancestry]
  4432 | D:5      | Reached XP level 8. HP: 56/62 MP: 8/8
  5043 | D:6      | Found a stormy altar of Qazlal.
  5067 | D:6      | Found a bloodstained altar of Trog.
  5151 | D:6      | Reached ***** piety under Trog
  5161 | D:6      | Found a staircase to the Ecumenical Temple.
  5278 | D:6      | Reached skill level 10 in Axes
  5515 | D:6      | Found a shadowy altar of Dithmenos.
  5522 | D:6      | Gained mutation: You have hoof-like feet. [demonic
                  | ancestry]
  5522 | D:6      | Reached XP level 9. HP: 68/68 MP: 9/9
  5693 | D:6      | Found a basalt altar of Yredelemnul.
  5737 | D:6      | Received a gift from Trog
  5954 | D:6      | Found a shimmering blue altar of Sif Muna.
  5960 | D:6      | Found a hazy altar of Hepliaklqana.
  5965 | D:6      | Found an ancient bone altar of Kikubaaqudgha.
  6304 | D:7      | Found a snail-covered altar of Cheibriados.
  6650 | D:7      | Killed a very large slime creature
  6705 | D:7      | Found a sparkling altar of Nemelex Xobeh.
  7193 | D:8      | Found a shimmering altar of Xom.
  7397 | D:8      | Found a staircase to the Lair.
  7397 | D:8      | Noticed an elephant
  7405 | D:8      | Reached XP level 10. HP: 74/74 MP: 6/10
  7412 | D:8      | Killed an elephant
  7725 | D:8      | Found an opulent altar of Gozag.
  7731 | D:8      | Got a spiked leather armour
  7747 | D:8      | Identified the +6 leather armour of the Doldrums {rElec
                  | Dex+2 SInv} (You found it on level 8 of the Dungeon)
  7921 | D:8      | Noticed a two-headed ogre
  7930 | D:8      | Killed a two-headed ogre
  8317 | D:9      | Noticed a boulder beetle
  8318 | D:9      | Noticed a white ugly thing
  8326 | D:9      | Killed a white ugly thing
  8329 | D:9      | Killed a boulder beetle
  9163 | D:9      | Noticed a centaur warrior
  9169 | D:9      | Killed a centaur warrior
  9174 | D:9      | Gained mutation: You regenerate health from kills. [demonic
                  | ancestry]
  9174 | D:9      | Reached XP level 11. HP: 79/79 MP: 6/11
  9181 | D:9      | Got a bloodstained plate armour
  9192 | D:9      | Identified the +5 plate armour of Riemmap {rC- Regen+
                  | Str+3} (You found it on level 9 of the Dungeon)
  9482 | D:10     | Entered Level 10 of the Dungeon
  9677 | D:10     | Received a gift from Trog
 10063 | D:10     | Reached skill level 15 in Axes
 10100 | D:10     | Found a staircase to the Orcish Mines.
 11033 | D:11     | Reached skill level 6 in Fighting
 11121 | D:11     | Received a gift from Trog
 11227 | D:11     | Noticed a red ugly thing
 11236 | D:11     | Killed a red ugly thing
 11289 | D:11     | Noticed a skeletal warrior
 11291 | D:11     | Found Rypave's Book Boutique.
 11294 | D:11     | Noticed a skeletal warrior
 11304 | D:11     | Killed a skeletal warrior
 11304 | D:11     | Noticed a skeletal warrior
 11310 | D:11     | Killed a skeletal warrior
 11312 | D:11     | Killed a skeletal warrior
 11315 | D:11     | Noticed a skeletal warrior
 11329 | D:11     | Killed a skeletal warrior
 11458 | D:11     | Reached XP level 12. HP: 89/89 MP: 12/12
 11511 | D:11     | Found a portal to a secret trove of treasure.
 11778 | Lair:1   | Entered Level 1 of the Lair of Beasts
 11778 | Lair:1   | Noticed a six-headed hydra
 11787 | Lair:1   | Killed a one-headed hydra
 11788 | Lair:1   | Reached skill level 7 in Fighting
 11879 | Lair:1   | Found a gate leading to a gauntlet.
 11890 | Gauntlet | Entered a Gauntlet
 11890 | Gauntlet | Found a transporter.
 12014 | Gauntlet | Found a transporter.
 12029 | Gauntlet | Found a transporter.
 12034 | Gauntlet | Found a transporter.
 12049 | Gauntlet | Found a transporter.
 12068 | Gauntlet | Found a transporter.
 12077 | Gauntlet | Noticed a death yak
 12078 | Gauntlet | Noticed a death yak
 12078 | Gauntlet | Noticed a death yak
 12080 | Gauntlet | Found a transporter.
 12080 | Gauntlet | Noticed a death yak
 12081 | Gauntlet | Noticed a death yak
 12082 | Gauntlet | Noticed a death yak
 12092 | Gauntlet | Found a transporter.
 12104 | Gauntlet | Found a transporter.
 12110 | Gauntlet | Found a transporter.
 12110 | Gauntlet | Found a transporter.
 12125 | Gauntlet | Found a transporter.
 12142 | Gauntlet | Found a transporter.
 12162 | Gauntlet | Found a transporter.
 12175 | Gauntlet | Noticed a death scarab
 12187 | Gauntlet | Found a transporter.
 12189 | Gauntlet | Found a transporter.
 12203 | Gauntlet | Noticed a catoblepas
 12209 | Gauntlet | Found a transporter.
 12287 | Gauntlet | Found a transporter.
 12504 | Gauntlet | Killed a catoblepas
 12667 | Gauntlet | Got a coiled lead ring
 12670 | Gauntlet | Identified the ring of Rauta {rPois MP+9 Str-5 Int+4} (You
                  | found it in a Gauntlet)
 12723 | Gauntlet | Noticed a minotaur
 12727 | Gauntlet | Killed a minotaur
 12735 | Gauntlet | Got a warped tin ring
 12750 | Gauntlet | Reached skill level 5 in Dodging
 12812 | Gauntlet | Reached skill level 5 in Armour
 13020 | Lair:1   | Identified the ring of the Empire {Wiz rPois Will+ Dex+7}
                  | (You found it in a Gauntlet)
 13064 | Lair:1   | Noticed Urug
 13078 | Lair:1   | Killed Urug
 13349 | Lair:1   | Reached skill level 8 in Fighting
 13454 | Lair:1   | Found a corrupted altar of Lugonu.
 13454 | Lair:1   | Found a one-way gate to the infinite horrors of the Abyss.
 13688 | Lair:1   | Found a runed translucent gate.
 13688 | Lair:1   | Found a runed translucent gate.
 13688 | Lair:1   | Noticed mokwee's ghost (journeyman MiFi)
 13689 | Lair:1   | Found a runed translucent gate.
 14125 | Lair:2   | Received a gift from Trog
 14132 | Lair:2   | Gained mutation: You are completely covered in slimy green
                  | scales. (AC +4, rPois) [demonic ancestry]
 14132 | Lair:2   | Reached XP level 13. HP: 99/99 MP: 13/13
 14933 | Lair:2   | Noticed Maggie
 14940 | Lair:2   | Killed Maggie
 14946 | Lair:2   | Reached skill level 9 in Fighting
 15186 | Lair:3   | Found a glowing silver altar of Zin.
 15425 | Lair:3   | Found a staircase to the Shoals.
 15925 | Lair:4   | Found a staircase to the Snake Pit.
 16061 | Lair:4   | Reached skill level 10 in Fighting
 16062 | Lair:4   | Reached ****** piety under Trog
 16328 | Lair:4   | Identified a scroll of acquirement
 16328 | Lair:4   | Acquired a manual of Armour
 16418 | Lair:4   | Received a gift from Trog
 17078 | Lair:5   | Gained mutation: You have hooves in place of feet. [demonic
                  | ancestry]
 17078 | Lair:5   | Reached XP level 14. HP: 111/111 MP: 14/14
 17344 | Lair:5   | Got a spiked hat
 17350 | Lair:5   | Identified the +1 hat of Elyvilon's Displeasure {rF- rCorr
                  | Str+9 Int+3} (You found it on level 5 of the Lair of
                  | Beasts)
 17470 | Lair:5   | Found a staircase to the Slime Pits.
 17672 | Lair:6   | Entered Level 6 of the Lair of Beasts
 17756 | Lair:6   | Received a gift from Trog
 17843 | Lair:6   | Reached skill level 11 in Fighting
 18713 | Orc:1    | Entered Level 1 of the Orcish Mines
 18725 | Orc:1    | Noticed Jorgrun
 18736 | Orc:1    | Killed Jorgrun
 18754 | Orc:1    | Received a gift from Trog
 18930 | Orc:2    | Entered Level 2 of the Orcish Mines
 18956 | Orc:2    | Noticed Snorg
 18967 | Orc:2    | Killed Snorg
 19583 | Orc:2    | Reached skill level 10 in Armour
 19785 | Orc:2    | Found a staircase to the Elven Halls.
 19804 | Orc:2    | Received a gift from Trog
 19810 | Orc:2    | Noticed an orc warlord
 19822 | Orc:2    | Killed an orc warlord
 19823 | Orc:2    | Reached XP level 15. HP: 120/120 MP: 15/15
 19934 | Orc:2    | Found Raejoqoi's Antique Armour Boutique.
 19963 | Orc:2    | Reached skill level 12 in Fighting
 19986 | Orc:2    | Found Akhuerr's Jewellery Emporium.
 20001 | Orc:2    | Found Feup's Assorted Antiques.
 20012 | Orc:2    | Found Xewk's Weapon Boutique.
 20234 | Orc:2    | Bought a spiked scale mail for 243 gold pieces
 20237 | Orc:2    | Bought the ring "Qeutogoy" {rPois rF+ Str+5} for 513 gold
                  | pieces
 20251 | Orc:2    | Identified the +0 scale mail of Sorcery {Regen+} (You
                  | bought it in a shop on level 2 of the Orcish Mines)
 20574 | D:12     | Found Joagirgh's Antique Armour Emporium.
 20695 | D:12     | Bought a smelly chain mail for 313 gold pieces
 20712 | D:12     | Identified the +8 chain mail of Wetab {rN++ Dex+4} (You
                  | bought it in a shop on level 12 of the Dungeon)
 20780 | D:12     | Found a runed translucent door.
 21176 | D:12     | Received a gift from Trog
 21188 | D:12     | Found a runed translucent door.
 21360 | D:12     | Found the +8 orange crystal plate armour {Archmagi, Int+3
                  | Clar}
 22301 | D:14     | Received a gift from Trog
 22361 | D:14     | Got an ancient leather armour
 22388 | D:14     | Found Ledab's Book Shop.
 22684 | D:14     | Found a gate to the Vaults.
 22961 | D:14     | Received a gift from Trog
 22962 | D:14     | Reached skill level 13 in Fighting
 22962 | D:14     | Gained mutation: You frequently emit foul miasma when
                  | damaged in melee. [demonic ancestry]
 22962 | D:14     | Reached XP level 16. HP: 128/130 MP: 16/16
 23406 | Shoals:1 | Entered Level 1 of the Shoals
 23577 | Shoals:1 | Reached skill level 1 in Evocations
 24435 | Shoals:1 | Identified the +3 leather armour of the Orb Guardian {Int+3
                  | Dex+2} (You found it on level 14 of the Dungeon)
 24596 | Shoals:1 | Received a gift from Trog
 25444 | Shoals:2 | Reached skill level 14 in Fighting
 25728 | Shoals:3 | Received a gift from Trog
 25841 | Shoals:3 | Found a runed translucent door.
 26392 | Shoals:4 | Entered Level 4 of the Shoals
 26394 | Shoals:4 | Found the +3 robe of Folly {Archmagi, Will-- Int+5}
 26402 | Shoals:4 | Identified the ring "Gaunud" {rElec Will+++ MP+9 Int-3}
 26424 | Shoals:4 | Reached skill level 1 in Shields
 27089 | Shoals:4 | Gained mutation: You are robust. (+10% HP) [demonic
                  | ancestry]
 27089 | Shoals:4 | Reached XP level 17. HP: 142/154 MP: 17/17
 27143 | Shoals:4 | Received a gift from Trog
 27792 | Shoals:4 | Found a runed translucent door.
 27817 | Shoals:4 | Got a barnacled rune of Zot
 27842 | Shoals:4 | Noticed rayg00n's ghost (adept DEIE)
 28421 | D:15     | Entered Level 15 of the Dungeon
 28421 | D:15     | Found a staircase to the Depths.
 28663 | D:15     | Reached skill level 15 in Fighting
 29326 | Snake:1  | Entered Level 1 of the Snake Pit
 29430 | Snake:1  | Received a gift from Trog
 29431 | Snake:1  | Reached skill level 5 in Shields
 29457 | Snake:1  | Found a gateway to a bazaar.
 29496 | Bazaar   | Entered a bazaar
 29496 | Bazaar   | Found Cyhit's Distillery.
 29496 | Bazaar   | Found Omiycaana's Antique Armour Shoppe.
 29496 | Bazaar   | Found Qasualy's Armour Emporium.
 29498 | Bazaar   | Found Qenname's Weapon Shoppe.
 29518 | Bazaar   | Bought a potion of heal wounds for 35 gold pieces
 29518 | Bazaar   | Bought a potion of curing for 21 gold pieces
 30270 | Snake:2  | Noticed Kirke
 30286 | Snake:2  | Killed Kirke
 30403 | Snake:2  | Noticed Louise
 30414 | Snake:2  | Killed Louise
 30482 | Snake:2  | Received a gift from Trog
 30614 | Snake:2  | Found Wyrredgh's Book Shoppe.
 30614 | Snake:2  | Found Kihow's General Store.
 30618 | Snake:2  | Found Cono's Distillery.
 30760 | Snake:2  | Noticed Aizul
 30772 | Snake:2  | Killed Aizul
 31428 | Snake:3  | Reached XP level 18. HP: 166/166 MP: 18/18
 31679 | Snake:3  | Reached skill level 16 in Fighting
 32042 | Snake:3  | Received a gift from Trog
 32225 | Snake:4  | Entered Level 4 of the Snake Pit
 32398 | Snake:4  | Received a gift from Trog
 32685 | Snake:4  | Got a serpentine rune of Zot
 32787 | Snake:4  | Reached skill level 17 in Fighting
 33209 | Snake:4  | Received a gift from Trog
 33347 | Snake:4  | Noticed Donald
 33356 | Snake:4  | Killed Donald
 33424 | Snake:4  | Reached skill level 10 in Dodging
 34042 | Elf:1    | Entered Level 1 of the Elven Halls
 34151 | Elf:1    | Received a gift from Trog
 34176 | Elf:1    | Noticed Agnes
 34183 | Elf:1    | Killed Agnes
 34184 | Elf:1    | Reached XP level 19. HP: 128/177 MP: 19/19
 34348 | Elf:1    | Noticed Frances
 34359 | Elf:1    | Killed Frances
 35384 | Elf:2    | Received a gift from Trog
 35748 | D:12     | Acquired 934 gold pieces
 35750 | D:12     | Bought the +2 shield of Resistance {rF++ rC++ Will++} for
                  | 2141 gold pieces
 35750 | D:12     | Found the +2 shield of Resistance {rF++ rC++ Will++}
 36139 | Elf:2    | Found a runed translucent door.
 36162 | Elf:2    | Found a runed translucent door.
 36264 | Elf:2    | Received a gift from Trog
 36430 | Elf:2    | Reached skill level 18 in Fighting
 36565 | Elf:3    | Entered Level 3 of the Elven Halls
 36643 | Elf:3    | Found Xuliz's Jewellery Shoppe.
 37087 | Elf:3    | Reached skill level 10 in Shields
 37095 | Elf:3    | Received a gift from Trog
 37101 | Elf:3    | Noticed a Brimstone Fiend
 37198 | Elf:3    | Reached XP level 20. HP: 181/189 MP: 20/20
 37915 | Elf:3    | Found the +7 great mace "Firestarter" {inner flame, rF++}
 38411 | Elf:3    | Identified the Almanac of Calling and the Rocks
 38744 | Vaults:1 | Entered Level 1 of the Vaults
 38803 | Vaults:1 | Found Pimanaif's General Store.
 38813 | Vaults:1 | Bought a potion of mutation for 96 gold pieces
 38813 | Vaults:1 | Bought a scroll of magic mapping for 42 gold pieces
 38969 | Vaults:1 | Received a gift from Trog
 39311 | Vaults:1 | Reached skill level 19 in Fighting
 39622 | Vaults:1 | Received a gift from Trog
 39749 | Vaults:1 | Noticed Asterion
 39768 | Vaults:1 | Killed Asterion
 40242 | Vaults:2 | Noticed Jory
 40262 | Vaults:2 | Killed Jory
 40618 | Vaults:2 | Found Plog's Gadget Boutique.
 40626 | Vaults:2 | Bought a condenser vane for 600 gold pieces
 40702 | Vaults:2 | Received a gift from Trog
 40711 | Vaults:2 | Reached skill level 5 in Evocations
 40720 | Vaults:2 | Got an ebony broad axe {god gift}
 40721 | Vaults:2 | Identified the +6 broad axe of Circular Logic {flame, rElec
                  | Stlth+} (Trog gifted it to you on level 2 of the Vaults)
 40791 | Vaults:2 | Noticed Mennas
 40822 | Vaults:2 | Killed Mennas
 41376 | Vaults:2 | Reached XP level 21. HP: 186/199 MP: 21/21
 41512 | Vaults:2 | Found a staircase to the Crypt.
 41607 | Vaults:2 | Received a gift from Trog
 42848 | Vaults:3 | Received a gift from Trog
 42926 | Vaults:3 | Found a runed translucent gate.
 42926 | Vaults:3 | Found a runed translucent gate.
 42926 | Vaults:3 | Found a runed translucent gate.
 42928 | Vaults:3 | Noticed Essalna's ghost (adept DEAE)
 43195 | Vaults:3 | Reached skill level 15 in Shields
 43343 | Vaults:3 | Reached skill level 15 in Armour
 43646 | Vaults:4 | Received a gift from Trog
 43916 | Vaults:4 | Reached skill level 20 in Fighting
 44427 | Vaults:4 | Found Koleng's Weapon Boutique.
 44444 | Vaults:4 | Received a gift from Trog
 44445 | Vaults:4 | Reached XP level 22. HP: 209/209 MP: 22/22
 44490 | Vaults:4 | Found Noloyg's Jewellery Boutique.
 44497 | Vaults:4 | Bought the ring "Etoaph" {rC+ Dex+3} for 651 gold pieces
 44518 | Vaults:4 | Found Meedoce's Book Boutique.
 45785 | Snake:2  | Bought a scroll of blinking for 142 gold pieces
 46357 | Vaults:5 | Entered Level 5 of the Vaults
 46370 | Vaults:5 | Noticed an ancient lich
 46372 | Vaults:5 | Reached skill level 10 in Evocations
 46402 | Vaults:5 | Received a gift from Trog
 46417 | Vaults:5 | Noticed an ancient lich
 46434 | Vaults:5 | Killed an ancient lich
 46465 | Vaults:5 | Killed an ancient lich
 46481 | Vaults:5 | Noticed an ancient lich
 46525 | Vaults:5 | Killed an ancient lich
 46529 | Vaults:5 | Gained mutation: You are very robust. (+20% HP) [demonic
                  | ancestry]
 46529 | Vaults:5 | Reached XP level 23. HP: 93/237 MP: 23/23
 46535 | Vaults:5 | Identified Macuixa's Volume of the Toxic Frostbite
 46558 | Vaults:5 | Received a gift from Trog
 46567 | Vaults:5 | Got a transparent war axe {god gift}
 46568 | Vaults:5 | Identified the +8 war axe of Liberalism {vorpal, Dex+4
                  | Stlth+} (Trog gifted it to you on level 5 of the Vaults)
 47086 | Vaults:5 | Received a gift from Trog
 47492 | Vaults:5 | Found Lecayg's Armour Boutique.
 47499 | Vaults:5 | Identified the +7 hand axe "Dofasiev" {elec, rElec Str-4
                  | Stlth+}
 47620 | Vaults:5 | Reached skill level 21 in Fighting
 47676 | Vaults:5 | Identified the +8 quarterstaff of Vengeance {vorpal, rElec
                  | rPois rN+ Will+ Dex-3}
 47712 | Vaults:5 | Identified the ring "Volotre" {Str+6 SInv}
 48005 | Vaults:5 | Got a silver rune of Zot
 48013 | Vaults:5 | Got a smoking ring mail
 48014 | Vaults:5 | Identified the cursed +0 ring mail of the Swamp {+Blink
                  | Regen+ Str-5 Slay+2} (You found it on level 5 of the
                  | Vaults)
 48419 | Vaults:3 | Received a gift from Trog
 48427 | Vaults:3 | Killed Essalna's ghost
 48461 | Vaults:3 | Got an ebony broad axe {god gift}
 48462 | Vaults:3 | Identified the +2 broad axe of Docvocw {flame, Int+3} (Trog
                  | gifted it to you on level 3 of the Vaults)
 48465 | Vaults:3 | Gained mutation: You regenerate a lot of health from kills.
                  | [demonic ancestry]
 48465 | Vaults:3 | Reached XP level 24. HP: 249/249 MP: 23/23
 48488 | Vaults:3 | Got a faintly humming cloak
 48499 | Vaults:3 | Identified the cursed +0 cloak "Luhaulumon" {Str+6 Stlth+}
                  | (You found it on level 3 of the Vaults)
 49232 | Lair:1   | Killed mokwee's ghost
 49489 | Shoals:3 | Identified The Arcane Secrets of Magic
 49608 | Shoals:4 | Killed rayg00n's ghost
 50256 | Depths:1 | Entered Level 1 of the Depths
 50375 | Depths:1 | Found a gateway to Hell.
 50401 | Depths:1 | Found a gateway to a ziggurat.
 50867 | Depths:1 | Found a one-way gate leading to the halls of Pandemonium.
 51198 | Depths:2 | Noticed a juggernaut
 51207 | Depths:2 | Reached skill level 15 in Evocations
 51210 | Depths:2 | Killed a juggernaut
 51211 | Depths:2 | Reached XP level 25. HP: 256/256 MP: 23/23
 51212 | Depths:2 | Received a gift from Trog
 51404 | Depths:2 | Found Xoseqam's Armour Boutique.
 51574 | Depths:2 | Found a burning altar of Makhleb.
 51583 | Depths:2 | Received a gift from Trog
 51597 | Depths:2 | Found a burning altar of Makhleb.
 51598 | Depths:2 | Found the cursed +14 obsidian axe {vorpal, +Fly SInv
                  | *Curse}
 51602 | Depths:2 | Gained mutation: Scrolls take you a little longer to read.
                  | [a neqoxec]
 52177 | Depths:3 | Lost mutation: Scrolls take you a little longer to read.
                  | [potion of mutation]
 52177 | Depths:3 | Gained mutation: You evolve. [potion of mutation]
 52177 | Depths:3 | Gained mutation: You have sharp fingernails. [potion of
                  | mutation]
 52289 | Depths:3 | Received a gift from Trog
 52578 | Depths:3 | Got a faintly glowing broad axe
 52579 | Depths:3 | Identified the +7 broad axe of War {flame, Dex+2} (You
                  | found it on level 3 of the Depths)
 52676 | Depths:3 | Received a gift from Trog
 52688 | Depths:3 | Got a dazzling broad axe {god gift}
 52689 | Depths:3 | Identified the +6 broad axe of Sloth {vorpal, Int+4} (Trog
                  | gifted it to you on level 3 of the Depths)
 53171 | Depths:4 | Found Tirut's Gadget Emporium.
 53219 | Depths:4 | Found Jofrowk's Gadget Shoppe.
 53234 | Depths:4 | Found Punij's Book Emporium.
 53500 | Depths:4 | Received a gift from Trog
 53583 | Depths:4 | Found Hunaug's Gadget Emporium.
 53587 | Depths:4 | Bought a tin of tremorstones (2/2) for 520 gold pieces
 53598 | Depths:4 | Found Picweeqail's Antique Weapon Shop.
 53853 | Depths:5 | Entered Level 5 of the Depths
 53889 | Depths:5 | Noticed a juggernaut
 53904 | Depths:5 | Killed a juggernaut
 53905 | Depths:5 | Reached XP level 26. HP: 267/268 MP: 23/23
 53939 | Depths:5 | Received a gift from Trog
 54387 | Depths:5 | Found a gate to the Realm of Zot.
 55250 | Slime:1  | Entered Level 1 of the Pits of Slime
 55261 | Slime:1  | Gained mutation: You tend to lose your temper in combat. [a
                  | shining eye]
 55265 | Slime:1  | Gained mutation: Scrolls take you a little longer to read.
                  | [a shining eye]
 55268 | Slime:1  | Gained mutation: Scrolls take you longer to read. [a
                  | shining eye]
 55277 | Slime:1  | Received a gift from Trog
 55349 | Slime:3  | Found a viscous altar of Jiyva.
 55409 | Slime:4  | Gained mutation: Your spells are a little easier to cast,
                  | but a little less powerful. [a shining eye]
 55418 | Slime:4  | Gained mutation: You are occasionally teleported next to
                  | monsters. [a shining eye]
 55420 | Slime:4  | Lost mutation: You tend to lose your temper in combat.
                  | [potion of mutation]
 55420 | Slime:4  | Lost mutation: Scrolls take you longer to read. [potion of
                  | mutation]
 55420 | Slime:4  | Lost mutation: Scrolls take you a little longer to read.
                  | [potion of mutation]
 55420 | Slime:4  | Gained mutation: Your system is resistant to poisons.
                  | (rPois) [potion of mutation]
 55420 | Slime:4  | Lost mutation: You are occasionally teleported next to
                  | monsters. [potion of mutation]
 55420 | Slime:4  | Gained mutation: Your mind is acute. (Int +2) [potion of
                  | mutation]
 55424 | Slime:5  | Entered Level 5 of the Pits of Slime
 55433 | Slime:5  | Gained mutation: You are weak. (Str -2) [a shining eye]
 55437 | Slime:5  | Gained mutation: Your magical capacity is low. (-10% MP) [a
                  | shining eye]
 55446 | Slime:5  | Noticed the Royal Jelly
 55476 | Slime:5  | Reached skill level 22 in Fighting
 55486 | Slime:5  | Gained mutation: Your spells are easier to cast, but less
                  | powerful. [a shining eye]
 55489 | Slime:5  | Gained mutation: You tend to lose your temper in combat. [a
                  | shining eye]
 55524 | Slime:5  | Killed the Royal Jelly
 55569 | Slime:5  | Lost mutation: Your mind is acute. (Int +2) [potion of
                  | mutation]
 55569 | Slime:5  | Lost mutation: Your magical capacity is low. (-10% MP)
                  | [potion of mutation]
 55569 | Slime:5  | Lost mutation: Your spells are easier to cast, but less
                  | powerful. [potion of mutation]
 55569 | Slime:5  | Lost mutation: You evolve. [potion of mutation]
 55569 | Slime:5  | Gained mutation: You expend magic power (3 MP) to
                  | strengthen your wands. [potion of mutation]
 55569 | Slime:5  | Lost mutation: You tend to lose your temper in combat.
                  | [potion of mutation]
 55569 | Slime:5  | Gained mutation: You are somewhat resistant to further
                  | mutation. [potion of mutation]
 55570 | Slime:5  | Lost mutation: You expend magic power (3 MP) to strengthen
                  | your wands. [potion of mutation]
 55570 | Slime:5  | Lost mutation: You are weak. (Str -2) [potion of mutation]
 55570 | Slime:5  | Lost mutation: Your spells are a little easier to cast, but
                  | a little less powerful. [potion of mutation]
 55570 | Slime:5  | Gained mutation: Your flesh is heat resistant. (rF+)
                  | [potion of mutation]
 55700 | Slime:5  | Found the +3 crown of Dyrovepreva {rElec Int+2 SInv}
 55704 | Slime:5  | Found the +4 moon troll leather armour {Spirit, Regen++
                  | MP+5}
 55711 | Slime:5  | Got a slimy rune of Zot
 55740 | Slime:5  | Got a heavily runed marble ring
 55786 | Slime:5  | Identified the ring of Aheusirghe {Ice Int+6} (You found it
                  | on level 5 of the Pits of Slime)
 56900 | Temple   | Entered the Ecumenical Temple
 56914 | Temple   | Fell from the grace of Trog
 56914 | Temple   | Became a worshipper of Makhleb the Destroyer
 57248 | Crypt:1  | Entered Level 1 of the Crypt
 57316 | Crypt:1  | Reached skill level 1 in Maces & Flails
 57370 | Crypt:1  | Found a runed translucent gate.
 57370 | Crypt:1  | Found a runed translucent gate.
 57370 | Crypt:1  | Found a runed translucent gate.
 57403 | Crypt:1  | Reached * piety under Makhleb
 57621 | Crypt:1  | Reached ** piety under Makhleb
 57677 | Crypt:1  | Identified the Volume of Black Rituals
 57760 | Crypt:1  | Noticed Asajosug's ghost (legendary GrBe)
 57772 | Crypt:1  | Reached skill level 15 in Dodging
 57781 | Crypt:1  | Gained mutation: You are extremely robust. (+30% HP)
                  | [demonic ancestry]
 57781 | Crypt:1  | Reached XP level 27. HP: 205/300 MP: 23/23
 57785 | Crypt:1  | Reached *** piety under Makhleb
 57817 | Crypt:1  | Killed Asajosug's ghost
 58342 | Crypt:2  | Found a transporter.
 58414 | Crypt:2  | Reached **** piety under Makhleb
 58492 | Crypt:2  | Reached skill level 5 in Maces & Flails
 58726 | Crypt:2  | Found a transporter.
 58876 | Crypt:2  | Reached ***** piety under Makhleb
 58992 | Crypt:3  | Entered Level 3 of the Crypt
 59108 | Crypt:3  | Found a staircase to the Tomb.
 59195 | Crypt:3  | Noticed Saint Roka
 59227 | Crypt:3  | Killed Saint Roka
 59348 | Crypt:3  | Noticed Sojobo
 59387 | Crypt:3  | Killed Sojobo
 59431 | Crypt:3  | Noticed Khufu
 59431 | Crypt:3  | Noticed a royal mummy
 59431 | Crypt:3  | Noticed a royal mummy
 59442 | Crypt:3  | Killed a royal mummy
 59443 | Crypt:3  | Killed a royal mummy
 59444 | Crypt:3  | Reached skill level 5 in Invocations
 59445 | Crypt:3  | Killed Khufu
 59654 | Crypt:3  | Reached ****** piety under Makhleb
 59672 | Crypt:3  | Found an ancient bone altar of Kikubaaqudgha.
 59676 | Crypt:3  | Noticed an ancient lich
 59681 | Crypt:3  | Killed an ancient lich
 59751 | Crypt:3  | Got faintly glowing ice dragon scales
 59752 | Crypt:3  | Identified the +3 ice dragon scales of Dithmenos's Approval
                  | {Rampage rF- rC++} (You found it on level 3 of the Crypt)
 60153 | Crypt:2  | Noticed an ancient lich
 60173 | Crypt:2  | Reached skill level 10 in Invocations
 60275 | Crypt:2  | Killed an ancient lich
 60287 | Crypt:2  | Got a crude golden ring
 60334 | Crypt:2  | Got a faintly glowing bone ring
 60335 | Crypt:2  | Identified the ring of Gozag's Wrath {+Inv Str+7 Int-4
                  | Stlth-} (You found it on level 2 of the Crypt)
 60336 | Crypt:2  | Identified the ring "Lol Kuy" {Will- AC+4 Str+3} (You found
                  | it on level 2 of the Crypt)
 60762 | Depths:2 | Paralysed by Trog for 5 turns
 60806 | Depths:4 | Voluntarily entered the Abyss.
 62085 | Abyss:3  | Found a blossoming altar of Fedhas.
 62259 | Abyss:3  | Found a sparkling altar of Nemelex Xobeh.
 62333 | Abyss:3  | Reached skill level 10 in Maces & Flails
 62366 | Abyss:3  | Reached skill level 15 in Invocations
 62374 | Abyss:3  | Gained mutation: Your magical capacity is low. (-10% MP) [a
                  | shining eye]
 62565 | Abyss:4  | Reached skill level 23 in Fighting
 62780 | Abyss:4  | Paralysed by accursed screaming for 2 turns
 63072 | Abyss:5  | Entered Level 5 of the Abyss
 63296 | Abyss:5  | Found a transporter.
 63300 | Abyss:5  | Found a corrupted altar of Lugonu.
 63694 | Abyss:5  | Got a heavily runed golden ring
 63718 | Abyss:5  | Paralysed by Trog for 2 turns
 63729 | Abyss:5  | Paralysed by you for 6 turns
 63880 | Depths:4 | Escaped the Abyss
 63881 | Depths:4 | Identified the ring "Rukhocw" {rN+ Stlth+} (You found it on
                  | level 5 of the Abyss)
 63906 | Depths:4 | Bought Sif Muna's Disquisition on Scorching Translocation
                  | for 1110 gold pieces
 63906 | Depths:4 | Bought a book of Hexes for 600 gold pieces
 63906 | Depths:4 | Bought a book of Spatial Translocations for 780 gold pieces
 63906 | Depths:4 | Bought a book of the Earth for 780 gold pieces
 63906 | Depths:4 | Bought a book of Air for 420 gold pieces
 63922 | Depths:4 | Voluntarily entered the Abyss.
 64272 | Abyss:1  | Reached skill level 24 in Fighting
 66173 | Abyss:3  | Found a corrupted altar of Lugonu.
 66191 | Abyss:3  | Got a faintly glowing plate armour
 66192 | Abyss:3  | Identified the +8 plate armour of Death's Door {rElec
                  | Stlth+} (You found it on level 3 of the Abyss)
 66258 | Abyss:3  | Found a corrupted altar of Lugonu.
 67128 | Abyss:3  | Gained mutation: You are dopey. (Int -2) [a neqoxec]
 67191 | Abyss:3  | Paralysed by Trog for 7 turns
 67597 | Abyss:4  | Lost mutation: Your magical capacity is low. (-10% MP)
                  | [potion of mutation]
 67597 | Abyss:4  | Lost mutation: You are dopey. (Int -2) [potion of mutation]
 67597 | Abyss:4  | Lost mutation: Your flesh is heat resistant. (rF+) [potion
                  | of mutation]
 67597 | Abyss:4  | Gained mutation: You possess an exceptional clarity of
                  | mind. [potion of mutation]
 67597 | Abyss:4  | Gained mutation: You have a pair of small horns on your
                  | head. [potion of mutation]
 67597 | Abyss:4  | Gained mutation: You have a beak for a mouth. [potion of
                  | mutation]
 67788 | Abyss:4  | Found a shimmering altar of Xom.
 67790 | Abyss:4  | Found a shimmering altar of Xom.
 67791 | Abyss:4  | Found a shimmering altar of Xom.
 67792 | Abyss:4  | Found a corrupted altar of Lugonu.
 67792 | Abyss:4  | Found a shimmering altar of Xom.
 67792 | Abyss:4  | Found a shimmering altar of Xom.
 67792 | Abyss:4  | Found a shimmering altar of Xom.
 67792 | Abyss:4  | Found a shimmering altar of Xom.
 67793 | Abyss:4  | Found a shimmering altar of Xom.
 67793 | Abyss:4  | Found a shimmering altar of Xom.
 67794 | Abyss:4  | Found a shimmering altar of Xom.
 67794 | Abyss:4  | Found a shimmering altar of Xom.
 67794 | Abyss:4  | Found a shimmering altar of Xom.
 67794 | Abyss:4  | Found a shimmering altar of Xom.
 67794 | Abyss:4  | Found a shimmering altar of Xom.
 67805 | Abyss:4  | Reached skill level 25 in Fighting
 68067 | Abyss:4  | Gained mutation: You are clumsy. (Dex -2) [a neqoxec]
 68479 | Abyss:4  | Gained mutation: Scrolls take you a little longer to read.
                  | [a cacodemon]
 68492 | Abyss:4  | Paralysed by Trog for 2 turns
 68707 | Abyss:4  | Got an abyssal rune of Zot
 68976 | Depths:4 | Escaped the Abyss
 69845 | Vaults:4 | Was forgiven by Trog
 69909 | Vaults:4 | Bought the Guide on Scorching Displacement for 650 gold
                  | pieces
 69909 | Vaults:4 | Bought the Volume of Fire and Transmigration for 491 gold
                  | pieces
 70199 | Depths:1 | Learned a level 8 spell: Ignition
 70208 | Depths:1 | Learned a level 8 spell: Necromutation
 70211 | Zig:1    | Entered Level 1 of a ziggurat
 70211 | Zig:1    | Noticed Kiceh the pandemonium lord
 70228 | Zig:1    | Killed Kiceh the pandemonium lord
 70247 | Zig:2    | Entered Level 2 of a ziggurat
 70303 | Zig:2    | Reached skill level 1 in Fire Magic
 70314 | Zig:2    | Lost mutation: You are somewhat resistant to further
                  | mutation. [potion of mutation]
 70314 | Zig:2    | Lost mutation: You possess an exceptional clarity of mind.
                  | [potion of mutation]
 70314 | Zig:2    | Gained mutation: You are very clumsy. (Dex -4) [potion of
                  | mutation]
 70314 | Zig:2    | Gained mutation: You are strong-willed. (Will+) [potion of
                  | mutation]
 70315 | Zig:2    | Lost mutation: You are very clumsy. (Dex -4) [potion of
                  | mutation]
 70315 | Zig:2    | Lost mutation: You have a pair of small horns on your head.
                  | [potion of mutation]
 70315 | Zig:2    | Lost mutation: Scrolls take you a little longer to read.
                  | [potion of mutation]
 70315 | Zig:2    | Gained mutation: Armour fits poorly on your strangely
                  | shaped body. [potion of mutation]
 70315 | Zig:2    | Gained mutation: You have very sharp fingernails. [potion
                  | of mutation]
 70315 | Zig:2    | Gained mutation: You possess an exceptional clarity of
                  | mind. [potion of mutation]
 70316 | Zig:2    | Lost mutation: You are clumsy. (Dex -2) [potion of
                  | mutation]
 70316 | Zig:2    | Lost mutation: You possess an exceptional clarity of mind.
                  | [potion of mutation]
 70316 | Zig:2    | Gained mutation: Your body sometimes deteriorates upon
                  | taking damage. [potion of mutation]
 70316 | Zig:2    | Gained mutation: You are highly strong-willed. (Will++)
                  | [potion of mutation]
 70317 | Zig:2    | Lost mutation: Your body sometimes deteriorates upon taking
                  | damage. [potion of mutation]
 70317 | Zig:2    | Lost mutation: Armour fits poorly on your strangely shaped
                  | body. [potion of mutation]
 70317 | Zig:2    | Lost mutation: You are highly strong-willed. (Will++)
                  | [potion of mutation]
 70317 | Zig:2    | Gained mutation: Your spells are a little harder to cast,
                  | but a little more powerful. [potion of mutation]
 70317 | Zig:2    | Gained mutation: Your flesh is heat resistant. (rF+)
                  | [potion of mutation]
 70317 | Zig:2    | Lost mutation: Your flesh is heat resistant. (rF+) [potion
                  | of mutation]
 70317 | Zig:2    | Gained mutation: You are agile. (Dex +2) [potion of
                  | mutation]
 70342 | Zig:3    | Entered Level 3 of a ziggurat
 70344 | Zig:3    | Noticed a juggernaut
 70355 | Zig:3    | Killed a juggernaut
 70356 | Zig:3    | Reached skill level 1 in Spellcasting
 70382 | Zig:4    | Entered Level 4 of a ziggurat
 70408 | Zig:4    | Identified the Disquisition on the Escort
 70418 | Zig:5    | Entered Level 5 of a ziggurat
 70486 | Zig:6    | Entered Level 6 of a ziggurat
 70550 | Zig:7    | Entered Level 7 of a ziggurat
 70556 | Zig:7    | Noticed an ancient lich
 70565 | Zig:7    | Killed an ancient lich
 70687 | Zig:7    | Got a ruby-encrusted troll leather armour
 70688 | Zig:7    | Identified the cursed +1 troll leather armour of Masochism
                  | {Harm rC+ Regen+} (You found it on level 7 of a ziggurat)
 70703 | Zig:7    | Reached skill level 5 in Fire Magic
 70709 | Zig:8    | Entered Level 8 of a ziggurat
 70943 | Zig:8    | Got a transparent lead amulet
 70972 | Zig:8    | Reached skill level 5 in Spellcasting
 70994 | Zig:9    | Entered Level 9 of a ziggurat
 71045 | Zig:9    | Identified the Tome of Ensnaring Orientation
 71089 | Zig:10   | Entered Level 10 of a ziggurat
 71158 | Zig:10   | Got a warped scale mail
 71169 | Zig:11   | Entered Level 11 of a ziggurat
 71222 | Zig:11   | Got a turquoise-encrusted ring mail
 71282 | Zig:12   | Entered Level 12 of a ziggurat
 71319 | Zig:12   | Reached skill level 26 in Fighting
 71412 | Zig:12   | Acquired a +2 pair of gloves of strength
 71437 | Zig:12   | Identified the amulet "Fauxy" {Acrobat Str+2} (You found it
                  | on level 8 of a ziggurat)
 71448 | Zig:12   | Identified the +5 scale mail of Apathy {Str+3 Dex+4} (You
                  | found it on level 10 of a ziggurat)
 71475 | Zig:13   | Entered Level 13 of a ziggurat
 71540 | Zig:13   | Got a scorched silver ring
 71566 | Zig:13   | Got a bound steel amulet
 71623 | Zig:13   | Identified the amulet of Generosity {Acrobat Fragile rF+
                  | rC+ MP+9} (You found it on level 13 of a ziggurat)
 71624 | Zig:13   | Identified the ring of Fogosh {+Blink rElec MP+9} (You
                  | found it on level 13 of a ziggurat)
 71662 | Zig:14   | Entered Level 14 of a ziggurat
 71810 | Zig:14   | Identified the +1 ring mail "Ohaliro" {Harm rElec rF-
                  | Int-2} (You found it on level 11 of a ziggurat)
 71814 | Zig:15   | Entered Level 15 of a ziggurat
 71923 | Zig:15   | Got a scorched scale mail
 71938 | Zig:15   | Identified the +1 scale mail of Ehypoiz {rPois Int+4} (You
                  | found it on level 15 of a ziggurat)
 71949 | Zig:16   | Entered Level 16 of a ziggurat
 72049 | Zig:16   | Identified Sif Muna's Papyrus of Damage Dealing and Ice
 72124 | Zig:16   | Got a steaming scale mail
 72136 | Zig:17   | Entered Level 17 of a ziggurat
 72153 | Zig:17   | Noticed an ancient lich
 72154 | Zig:17   | Noticed an ancient lich
 72158 | Zig:17   | Reached skill level 10 in Fire Magic
 72165 | Zig:17   | Killed an ancient lich
 72173 | Zig:17   | Killed an ancient lich
 72236 | Zig:17   | Identified Sif Muna's Papyrus of the Foremost Deaths
 72330 | Zig:18   | Entered Level 18 of a ziggurat
 72346 | Zig:18   | Noticed a royal mummy
 72347 | Zig:18   | Noticed a royal mummy
 72354 | Zig:18   | Noticed a royal mummy
 72354 | Zig:18   | Noticed a royal mummy
 72364 | Zig:18   | Killed a royal mummy
 72364 | Zig:18   | Noticed a royal mummy
 72366 | Zig:18   | Killed a royal mummy
 72371 | Zig:18   | Killed a royal mummy
 72380 | Zig:18   | Killed a royal mummy
 72383 | Zig:18   | Killed a royal mummy
 72504 | Zig:18   | Identified the cursed +1 scale mail of Efeixet {*Corrode
                  | Str+2 Dex+6} (You found it on level 16 of a ziggurat)
 72516 | Zig:19   | Entered Level 19 of a ziggurat
 72541 | Zig:19   | Reached skill level 10 in Spellcasting
 72623 | Zig:19   | Identified the Compendium of Intoxication and Necromancy
 72628 | Zig:19   | Identified the Collected Works on Flames and Flight
 72690 | Zig:19   | Got an iridescent glaive
 72691 | Zig:19   | Identified the cursed +3 glaive "Peamuc" {venom, rC+
                  | Stlth+} (You found it on level 19 of a ziggurat)
 72698 | Zig:20   | Entered Level 20 of a ziggurat
 72713 | Zig:20   | Noticed a juggernaut
 72714 | Zig:20   | Noticed a juggernaut
 72717 | Zig:20   | Noticed a juggernaut
 72733 | Zig:20   | Killed a juggernaut
 72735 | Zig:20   | Noticed a juggernaut
 72735 | Zig:20   | Noticed a juggernaut
 72741 | Zig:20   | Killed a juggernaut
 72744 | Zig:20   | Killed a juggernaut
 72751 | Zig:20   | Killed a juggernaut
 72760 | Zig:20   | Killed a juggernaut
 72864 | Zig:20   | Found the ring of the Mage {Wiz Will++ Int+3}
 72883 | Zig:20   | Got a clouded jade amulet
 72932 | Zig:20   | Got a brightly glowing scale mail
 72933 | Zig:20   | Identified the amulet "Hahemud" {Acrobat Fragile rC+ Str+2}
                  | (You found it on level 20 of a ziggurat)
 72945 | Zig:21   | Entered Level 21 of a ziggurat
 72970 | Zig:21   | Reached skill level 15 in Fire Magic
 72983 | Zig:21   | Found the +12 Vampire's Tooth {vamp}
 73205 | Zig:21   | Got a sapphire broad axe
 73223 | Zig:22   | Entered Level 22 of a ziggurat
 73237 | Zig:22   | Noticed Tir Qyl the pandemonium lord
 73238 | Zig:22   | Noticed Galatext the pandemonium lord
 73239 | Zig:22   | Noticed Foschok the pandemonium lord
 73242 | Zig:22   | Noticed Nase the pandemonium lord
 73242 | Zig:22   | Noticed Vecwawn the pandemonium lord
 73256 | Zig:22   | Gained mutation: Your body sometimes deteriorates upon
                  | taking damage. [a cacodemon]
 73257 | Zig:22   | Noticed Hetrues the pandemonium lord
 73262 | Zig:22   | Noticed Imirghog the pandemonium lord
 73276 | Zig:22   | Killed Nase the pandemonium lord
 73277 | Zig:22   | Noticed Puixza the pandemonium lord
 73277 | Zig:22   | Noticed Pirghyrisk the pandemonium lord
 73290 | Zig:22   | Noticed Urchak the pandemonium lord
 73298 | Zig:22   | Killed Vecwawn the pandemonium lord
 73305 | Zig:22   | Killed Tir Qyl the pandemonium lord
 73309 | Zig:22   | HP: 9/481 [Killer Klown/+9 vampiric club[Imirghog] (22)]
 73312 | Zig:22   | Mangled by Hetrues the pandemonium lord

Illustrated notes

Levels and vault maps discovered:
D:1:      mrwooster_arrival_statue_2, layout_loops_ring
D:2:      layout_basic, nicolae_ru_the_path_less_chosen
D:3:      kennysheep_the_goblin_king, layout_basic,
          eat_drink_and_be_merry_uskayaw, fedhas_altar_4
D:4:      layout_rooms, kennysheep_mini_moat, marbit_many_paths
D:5:      layout_basic, kennysheep_mini, grunt_ministairs_9
D:6:      layout_loops_cross, bloody_trog, yredelemnul_altar_generic,
          minmay_overflow_temple_star_quad, old_standard_altar,
          minmay_temple_entry_drinking_statues, hangedman_decor_diamond_cutter,
          grunt_dithmenos_shadows
D:7:      layout_basic, cheibriados_altar_1, old_standard_altar, nrook_campfire
D:8:      layout_gridville, tgw_xom, nicolae_gozag_seed_capital,
          david_lair_generic
D:9:      minmay_tri_box, layout_basic
D:10:     layout_layer_cave, erik_orc_3
D:11:     layout_cave_pools, serial_shops, nicolae_shop_crystal,
          nicolae_trove_entry_diagonal, st_stairs_12, minmay_misc_feat_enclosed
D:12:     cheibrodos_histonic, layout_basic, serial_shops, shop
D:13:     layout_loops_ring
D:14:     layout_irregular_city, erik_vaults_2, serial_bayou_ford_a,
          serial_shops, shop
D:15:     gammafunk_depths_entry_grave, layout_basic
Temple:   corrupted_temple
Lair:1:   layout_layer_cave, serial_forest, infiniplex_forest_clump_long,
          infiniplex_forest_zigzag_2, infiniplex_forest_straight_2,
          infiniplex_forest_clump_double, infiniplex_forest_straight_5,
          infiniplex_forest_straight_2, infiniplex_forest_straight_4,
          infiniplex_forest_lined_4_way, infiniplex_forest_lined_3,
          infiniplex_forest_clump_double, gauntlet_entry_generic,
          gammafunk_ghost_split, amcnicky_altar_lugonu_corruption,
          serial_bayou_shore_a, uniq_urug
Lair:2:   layout_layer_cave, wad_woods_antlair, uniq_maggie
Lair:3:   wad_woods_stonehenge, layout_regular_city, minmay_shoals_entry_beasts,
          wad_woods_road_03
Lair:4:   layout_gridlike, guppyfry_snake_entry_garden,
          infiniplex_staircase_pool_2
Lair:5:   layout_roguey, minmay_slime_entry_pillars
Lair:6:   gammafunk_lair_ancient_temple, layout_loops_ring
Shoals:1: cheibrodos_shoals_epimethial_gifts, layout_shoals, st_cyclops
Shoals:2: layout_shoals, nicolae_shoals_seven_spires
Shoals:3: layout_shoals, ldierk_geyser, lightli_airlock
Shoals:4: shoals_end_grunt_garden, layout_shoals, ebering_ghost_inner_flame,
          nicolae_shoals_cliffside_cave
Snake:1:  layout_basic, serial_bayou, serial_bayou_pond_d, serial_bayou_pond_e,
          serial_bayou_shore_b, serial_bayou_pond_d, serial_shops,
          bzr_entry_lakeside, drop_trap, nrook_guardian_serpent_ordinary
Snake:2:  layout_grid_shapes, st_stairs_10, serial_bayou_shore_b,
          minmay_shop_star, uniq_louise, uniq_aizul, uniq_kirke
Snake:3:  layout_concentric_octagons, grunt_ministairs_11, drop_trap,
          grunt_megastairs_5
Snake:4:  grunt_snake_rune_serpentine_throne, layout_cave_town, uniq_donald
Slime:1:  layout_caves
Slime:2:  layout_caves
Slime:3:  layout_caves, basic_altar
Slime:4:  layout_caves, cheibrodos_slime_lost_civilization_7
Slime:5
Orc:1:    layout_caves, uniq_jorgrun
Orc:2:    st_orc_elflike, layout_caves, uniq_snorg
Elf:1:    layout_gridlike, hangedman_elf_disciples,
          roderic_lattice_octagonal_star, uniq_frances, uniq_agnes
Elf:2:    layout_geoelf_octagon, nicolae_elf_glass_and_crystal_pillar_2
Elf:3:    minmay_elf_hall_hex, layout_geoelf_diagonals, serial_shops, shop
Vaults:1: v_misc_28, nicolae_vaults_network_quinsquares
          [nicolae_vaults_network_quincunx_subvault,
          nicolae_vaults_network_quincunx_subvault,
          nicolae_vaults_network_quincunx_subvault,
          nicolae_vaults_network_quincunx_subvault], sword_in_stone,
          vaults_dpeg_hooks, vaults_room_boxed, v_misc_3, vaults_mumra_hexcomb,
          vaults_mumra_hex, ontoclasm_vaults_decontamination,
          ontoclasm_vaults_tryst, layout_vaults_omnicross, serial_shops,
          nicolae_shop_trees
Vaults:2: nicolae_vaults_yaktaur_gun_rack, ontoclasm_vaults_hangar,
          vaults_standard_mumra_lines, v_rooms_2, v_rooms_4, v_pattern_5,
          vaults_room_grunt_arrival_checkpoint, vaults_dpeg_diagonal,
          layout_vaults_ring, minmay_crypt_entry_skeletal_spiral, serial_shops,
          shop, uniq_jory, uniq_mennas
Vaults:3: gammafunk_vaults_ghost_tricky_traps, ontoclasm_vaults_bender,
          nicolae_vaults_stairing_the_circle, grunt_vaults_trifunnel,
          hangedman_vaults_slither, vaults_room_door_ring, vaults_room_corners,
          nicolae_vaults_network_star, v_misc_27, ontoclasm_vaults_ring_large,
          vaults_dpeg_ring, ontoclasm_vaults_loading_screen,
          vaults_room_octagon, vaults_room_hallway, nicolae_vaults_statue_guard,
          layout_vaults_omnibox
Vaults:4: hangedman_vaults_hard_town_square, nicolae_vaults_puzzle_piece,
          v_misc_10, hangedman_vaults_locks, hangedman_vaults_restitches,
          nicolae_vaults_little_ls, nicolae_vaults_little_squares_4,
          nicolae_vaults_shelves_hall, vaults_room_stairs_pillars,
          layout_vaults_chaotic_city
Vaults:5: serial_shops
Crypt:1:  layout_gridlike, serial_sigils, serial_sigils_hangedman_snap,
          serial_sigils_hangedman_writhe, serial_sigils_hangedman_confine,
          serial_sigils_hangedman_shear, serial_sigils_hangedman_stare,
          special_room [special_room_morgue], gammafunk_ghost_necromancy,
          tombwall_bobbens, uniq_margery
Crypt:2:  gammafunk_dig_for_victory, layout_chaotic_city,
          nicolae_crypt_ancient_font, nicolae_crypt_niches
Crypt:3:  cryptofortress_bobbens, uniq_khufu, uniq_saint_roka, uniq_sojobo
Depths:1: layout_gridlike, enter_ziggurat_b, hell_entry, serial_corexii_hall,
          chequers_hall_statues_y, corexii_hall_statues_t,
          corexii_hall_statues_s, corexii_hall_statues_l, pan_entry,
          evilmike_butchery
Depths:2: minmay_the_grid_octo_2x2 [minmay_the_grid_octo_clover,
          minmay_the_grid_octo_chip, minmay_the_grid_octo_horde,
          minmay_the_grid_octo_prize_big_c], layout_cave_shapes,
          hangedman_coc_ice_floe, kennysheep_cluttered_room, serial_shops,
          nicolae_shop_statue_plus, grunt_guarded_unrand_obsidian_axe
Depths:3: radiant_caverns_b_rkd, hell_entry, pan_entry
Depths:4: kennysheep_six_static_rooms, layout_cave_pools,
          chequers_serial_rivers_small_3, abyss_entry, serial_shops, shop,
          nicolae_shop_crystal, nicolae_shop_waterfront, shop, shop, hell_entry,
          infiniplex_staircase_pool_lava
Depths:5: grunt_x_marks_the_spot, layout_cave_pools, roderic_serpentine_path,
          grunt_mini_vestibule, minmay_misc_feat_nine_boxes
Zig:22

Skill      XL: |  1  2  3  4  5  6  7  8  9 10 11 12 13 14 15 16 17 18 19 20 21 22 23 24 25 26 27 |
---------------+----------------------------------------------------------------------------------+-----
Axes           | 3 4 5 6 8 10 12 14 15 16 18 19 20 21 | 21.4
Fighting       | 4 5 6 8 10 11 13 14 15 17 18 19 20 21 22 26 | 26.7
Dodging        | 4 5 7 8 10 11 12 13 14 15 | 15.4
Armour         | 4 5 6 10 12 13 14 15 16 17 18 | 18.2
Evocations     | 4 5 9 12 14 15 16 18 21 | 21.9
Shields        | 2 6 8 10 13 15 16 17 | 17.2
Maces & Flails | 3 12 | 12.5
Invocations    | 21 | 21.8
Fire Magic     | 16 | 16.4
Spellcasting   | 12 | 12.5
Throwing       | |  0.1

Action                   |  1- 3 |  4- 6 |  7- 9 | 10-12 | 13-15 | 16-18 | 19-21 | 22-24 | 25-27 || total
-------------------------+-------+-------+-------+-------+-------+-------+-------+-------+-------++-------
Melee: Hand axe          |    94 |   202 |    79 |       |       |       |       |       |       ||   375
       Kick              |       |    57 |    52 |   148 |   395 |   524 |   628 |   372 |  2555 ||  4731
       Battleaxe         |       |       |    62 |   274 |   841 |   526 |       |       |       ||  1703
       Broad axe         |       |       |    94 |   146 |       |   540 |  1277 |   648 |  4785 ||  7490
       War axe           |       |       |       |    11 |       |       |       |       |       ||    11
       Unarmed           |       |       |       |    10 |       |       |       |       |       ||    10
       Executioner's axe |       |       |       |       |       |   106 |       |       |       ||   106
       Peck              |       |       |       |       |       |       |       |       |   299 ||   299
       Headbutt          |       |       |       |       |       |       |       |       |   165 ||   165
Invok: Berserk           |     3 |     5 |    10 |    16 |    19 |    17 |    14 |     6 |     1 ||    91
       Brothers in Arms  |       |       |     1 |     3 |     2 |     4 |     4 |     6 |    10 ||    30
       Trog's Hand       |       |       |       |       |     2 |     2 |       |     2 |     1 ||     7
Evoke: Tin of tremorston |       |       |       |       |       |       |       |       |    27 ||    27
       Condenser vane    |       |       |       |       |       |       |       |       |    15 ||    15
       Wand              |       |       |       |       |       |       |       |       |    23 ||    23
       Phantom mirror    |       |       |       |       |       |       |       |       |     2 ||     2
       Phial of floods   |       |       |       |       |       |       |       |       |     1 ||     1
  Use: Potion            |       |       |     4 |     4 |     5 |     5 |     2 |     2 |    35 ||    57
       Scroll            |       |       |    14 |    12 |    14 |     9 |    10 |    11 |    60 ||   130
 Stab: Distracted        |       |       |       |       |       |     1 |     1 |       |     1 ||     3
       Petrified         |       |       |       |       |       |       |       |       |    29 ||    29
       Confused          |       |       |       |       |       |       |       |       |     2 ||     2
       Petrifying        |       |       |       |       |       |       |       |       |     2 ||     2
       Invisible         |       |       |       |       |       |       |       |       |     1 ||     1
       Paralysed         |       |       |       |       |       |       |       |       |     1 ||     1
Armor: Leather armour    |    16 |       |       |    32 |    48 |       |       |       |       ||    96
       Scale mail        |    18 |    82 |       |       |       |       |       |       |       ||   100
       Chain mail        |       |     7 |   135 |    27 |    21 |   270 |   372 |   191 |  1401 ||  2424
       Plate armour      |       |       |       |   160 |   268 |       |       |       |       ||   428
       Crystal plate arm |       |       |       |       |   117 |   574 |       |       |       ||   691
       Skin              |       |       |       |       |       |       |       |       |   129 ||   129
Dodge: Dodged            |    87 |   101 |    90 |   183 |   429 |   657 |   336 |   248 |  2385 ||  4516
Block: Buckler           |       |       |       |       |       |   160 |    11 |       |       ||   171
       Kite shield       |       |       |       |       |       |       |   625 |   476 |  3705 ||  4806

Table legend: (Time is in decaauts)
 A = Elapsed time spent in this place.
 B = Non-inter-level travel time spent in this place.
 C = Inter-level travel time spent in this place.
 D = Time resting spent in this place.
 E = Time spent auto-exploring this place.
 F = Levels seen in this place.
 G = Mean time per level.
                   A        B        C        D        E       F      G
               +--------+--------+--------+--------+--------+-----+--------+
         Total |  72313 |  62785 |   9528 |   9065 |  36369 |  86 |  840.8 |
       Dungeon |  18380 |  14923 |   3457 |   2653 |   9511 |  15 | 1225.3 |
        Temple |     28 |      1 |     27 |      0 |      0 |   1 |   28.0 |
          Lair |   6537 |   5565 |    972 |    609 |   3993 |   6 | 1089.5 |
        Shoals |   5478 |   4910 |    568 |   1406 |   2673 |   4 | 1369.5 |
     Snake Pit |   4462 |   4147 |    315 |    445 |   2851 |   4 | 1115.5 |
    Slime Pits |   1071 |    925 |    146 |     54 |    493 |   5 |  214.2 |
  Orcish Mines |   2166 |   1658 |    508 |    377 |    842 |   2 | 1083.0 |
   Elven Halls |   4467 |   3767 |    700 |   1039 |   2015 |   3 | 1489.0 |
        Vaults |   9941 |   7955 |   1986 |   1418 |   4581 |   5 | 1988.2 |
         Crypt |   2948 |   2843 |    105 |      0 |   1790 |   3 |  982.7 |
        Depths |   5177 |   4435 |    742 |    159 |   3072 |   5 | 1035.4 |
         Abyss |   7514 |   7514 |      0 |    111 |   3428 |   9 |  834.9 |
      Ziggurat |   2940 |   2940 |      0 |    241 |    809 |  22 |  133.6 |
        Bazaar |     31 |     31 |      0 |      0 |      0 |   1 |   31.0 |
      Gauntlet |   1167 |   1167 |      0 |    549 |    309 |   1 | 1167.0 |
               +--------+--------+--------+--------+--------+-----+--------+

Top non-repeatable levels by time:
Vaults:4: 2217 daAuts
 Abyss:4: 2109 daAuts
Vaults:3: 2053 daAuts
Vaults:2: 1999 daAuts
Vaults:1: 1926 daAuts
    D:10: 1839 daAuts
     D:9: 1803 daAuts
 Abyss:3: 1746 daAuts
Vaults:5: 1745 daAuts
    D:12: 1623 daAuts
     D:8: 1606 daAuts
Shoals:1: 1599 daAuts
Shoals:3: 1593 daAuts
   Elf:1: 1547 daAuts
   Elf:2: 1527 daAuts
